 Dungeon Crawl Stone Soup version 0.30.0-16-gbe6223bb7e (webtiles) character file.

Game seed: 6298425193390711091

942 zlionsfan the Shooter (level 8, -12/61 HPs)
             Began as a Formicid Hunter on May 20, 2023.
             Was a Follower of Makhleb.
             Mangled by an ogre
             ... wielding a +0 giant club
              (17 damage)
             ... on level 5 of the Dungeon.
             The game lasted 00:17:40 (5078 turns).

zlionsfan the Shooter (Formicid Hunter)             Turns: 5078, Time: 00:17:41

Health: -12/61     AC:  3    Str: 15    XL:     8   Next: 34%
Magic:  8/8        EV: 12    Int: 10    God:    Makhleb [*.....]
Gold:   312        SH:  0    Dex: 19    Spells: 7/7 levels left

rFire   . . .        b - +0 shortbow
rCold   . . .        (no shield)
rNeg    . . .        c - +0 leather armour
rPois   .            (helmet unavailable)
rElec   .            (no cloak)
rCorr   .            (no gloves)
SInv    +            (no boots)
Will    .....        (no amulet)
Stlth   ++           (no ring)
HPRegen 0.30/turn    (no ring)
MPRegen 0.11/turn

%: no passive effects
@: no status effects
A: permanent stasis, dig shafts and tunnels, antennae 3, four strong arms
a: Dig, Shaft Self, Renounce Religion


You were on level 5 of the Dungeon.
You worshipped Makhleb.
Makhleb was aware of your devotion.
You visited 1 branch of the dungeon, and saw 5 of its levels.
You also visited: Sewer.

You collected 312 gold pieces.

Inventory:

Hand Weapons
 a - a +3 short sword of venom
 b - a +0 shortbow (weapon)
Missiles
 g - 4 javelins
Armour
 c - a +0 leather armour (worn)
Wands
 t - a wand of flame (11)
Scrolls
 e - a scroll of immolation
 f - a scroll of torment {unknown}
 h - 2 scrolls of teleportation
 k - 3 scrolls of magic mapping {unknown}
 l - a scroll of enchant weapon {unknown}
 n - a scroll of fear {unknown}
 o - a scroll of brand weapon {unknown}
 p - a scroll of identify
Potions
 d - a potion of attraction {unknown}
 i - a potion of mutation {unknown}
 j - a potion of curing {unknown}
 m - 3 potions of brilliance
 q - a potion of ambrosia {unknown}
 r - a potion of cancellation {unknown}


   Skills:
 * Level 4.6 Fighting
 * Level 3.6 Short Blades
 * Level 7.5 Ranged Weapons
 + Level 2.5 Armour
 + Level 2.3 Dodging
 + Level 2.0 Stealth


You had 7 spell levels left.
You didn't know any spells.
Your spell library contained the following spells:

 Spells                   Type           Power      Damage    Failure   Level
 Slow                     Hex            0%         N/A       43%         1
 Ensorcelled Hibernation  Hex/Ice        0%         N/A       56%         2
 Passwall                 Tmut/Erth      0%         N/A       56%         2
 Confusing Touch          Hex            0%         N/A       80%         3
 Summon Guardian Golem    Hex/Summ       0%         N/A       80%         3
 Vampiric Draining        Necr           0%         2d6       80%         3
 Orb of Destruction       Conj           0%         9d5       100%        7
 Spellforged Servitor     Conj/Summ      0%         N/A       100%        7
 Swiftness                Air            Unusable   N/A       N/A         3

Dungeon Overview and Level Annotations

Branches:
Dungeon (5/15)              Sewer (visited)
 Temple: D:4-7

Altars:
Makhleb

Shops:
D:4 [


Innate Abilities, Weirdness & Mutations

You cannot be hasted, slowed, berserked, paralysed or teleported.
You can dig through walls and to a lower floor.
You have a pair of large antennae on your head. (SInv)
Your four strong arms can wield two-handed weapons with a shield.


Message History

You see here an iguana corpse.
There is a stone staircase leading down here.
You climb downwards.
You hear the hiss of flowing sand.
There is an entrance to an ossuary on this level.
Hurry and find it before the portal is buried!
There is a stone staircase leading up here.
Your +3 short sword of venom begins to drip with poison!
a - a +3 short sword of venom (weapon)
An ice beast comes into view.
The helpless ice beast fails to defend itself.
You puncture the ice beast!
The ice beast is moderately wounded.
The ice beast closely misses you.
You barely miss the ice beast.
The ice beast is moderately wounded.
The ice beast hits you. The ice beast freezes you!
You hit the ice beast.
The ice beast is moderately wounded.
Your +3 short sword of venom stops dripping with poison.
b - a +0 shortbow (weapon)
The ice beast hits you but does no damage.
You shoot an arrow. The arrow hits the ice beast!
The ice beast is heavily wounded.
You hear a shout!
An ogre comes into view. It is wielding a +0 giant club.
The ice beast hits you. The ice beast freezes you!
You hear a shout!
You shoot an arrow. The arrow hits the ice beast!
The ice beast is severely wounded.
The ice beast hits you. The ice beast freezes you!
You shoot an arrow. The arrow barely misses the ice beast.
The ice beast hits you.
* * * LOW HITPOINT WARNING * * *
The ice beast freezes you!
* * * LOW HITPOINT WARNING * * *
Okay, then.
As you read the scroll labelled OKERIN RASI, it crumbles to dust.
You feel a strange sense of stasis.
It was a scroll of teleportation.
The ogre hits you with a +0 giant club!
You die...

.............
............
.........
....... .
.####.... ..
........##.#
#.#<...#
#YO...##
#@###....#
#......###
#...##.#
....# .#
##... # ....
.#### .#


You could see an ice beast and an ogre.

Vanquished Creatures
  Pargi (Sewer)
  3 kobold brigands (D:3)
  3 scorpions (D:4)
  3 iron imps (D:3)
  Ijyb (D:3)
  2 iguanas
  Robin (D:2)
  11 gnolls (D:3)
  5 adders
  2 dart slugs
  2 orcs (D:3)
  6 ball pythons
  9 bats
  5 endoplasms
  5 giant cockroaches
  12 goblins
  11 hobgoblins
  6 jackals
  10 quokkas
  4 frilled lizards
  39 kobolds
  3 rats
144 creatures vanquished.

Vanquished Creatures (others)
  A hobgoblin (D:1)
1 creature vanquished.

Grand Total: 145 creatures vanquished

Notes
Turn   | Place    | Note
-------+----------+-------------------------------------------
     0 | D:1      | zlionsfan the Formicid Hunter began the quest for the Orb.
     0 | D:1      | Reached XP level 1. HP: 16/16 MP: 1/1
   100 | D:1      | Reached XP level 2. HP: 22/22 MP: 2/2
   215 | D:1      | Found a faded altar of an unknown god.
   428 | D:1      | Reached XP level 3. HP: 28/28 MP: 3/3
   849 | D:2      | Reached skill level 5 in Ranged Weapons
  1014 | D:2      | Reached XP level 4. HP: 34/34 MP: 4/4
  1044 | D:2      | Noticed Robin
  1058 | D:2      | Killed Robin
  1894 | D:3      | Found a glowing drain.
  1913 | D:3      | Reached XP level 5. HP: 39/40 MP: 5/5
  1917 | Sewer    | Entered a sewer
  2043 | Sewer    | Noticed Pargi
  2050 | Sewer    | Killed Pargi
  2051 | Sewer    | Reached skill level 1 in Short Blades
  2051 | Sewer    | Reached skill level 6 in Ranged Weapons
  2051 | Sewer    | Reached skill level 1 in Armour
  2051 | Sewer    | Reached XP level 6. HP: 21/47 MP: 6/6
  2243 | D:3      | Found a burning altar of Makhleb.
  2279 | D:3      | Became a worshipper of Makhleb the Destroyer
  2522 | D:3      | Noticed Ijyb
  2532 | D:3      | Killed Ijyb
  2581 | D:3      | Reached XP level 7. HP: 52/52 MP: 7/7
  2713 | D:3      | Reached * piety under Makhleb
  2739 | D:3      | Reached skill level 7 in Ranged Weapons
  3414 | D:3      | Reached XP level 8. HP: 25/60 MP: 8/8
  4200 | D:4      | Reached ** piety under Makhleb
  4757 | D:4      | Found Cucyilie's Armour Shoppe.
  5067 | D:5      | Entered Level 5 of the Dungeon
  5078 | D:5      | Mangled by an ogre

Illustrated notes

Levels and vault maps discovered:
D:1:      scummos_arrival_star, layout_basic, shapermc_ecumenical_altar_pompeii,
          moated_statue, lemuel_flame_loot_1
D:2:      layout_loops_ring, uniq_robin
D:3:      minmay_goblin_kobold_castle, layout_basic, demons_altar,
          portal_sewer_entry_f, uniq_ijyb
D:4:      layout_basic, serial_shops, shop
D:5:      layout_basic, mainiacjoe_overflow_six_doors_small,
          nicolae_ossuary_entry_false_entrances, minivault_27,
          minmay_misc_feat_ornament, minmay_gold_behind_fungi

Skill      XL: |  1  2  3  4  5  6  7  8 |
---------------+-------------------------+-----
Ranged Weapons | 5 6 7 |  7.5
Fighting       | 3 4 |  4.6
Short Blades   | 1 2 3 |  3.6
Armour         | 1 2 |  2.5
Dodging        | 2 |  2.3
Stealth        | 2 |  2.0

Action                     |  1- 3 |  4- 6 |  7- 9 || total
---------------------------+-------+-------+-------++-------
  Melee: Short sword       |       |    68 |   132 ||   200
         Punch             |       |       |     3 ||     3
   Fire: Shortbow          |    64 |    93 |    52 ||   209
    Use: Scroll            |       |     3 |     1 ||     4
         Potion            |       |       |     2 ||     2
   Stab: Sleeping          |       |       |     1 ||     1
 Armour: Leather armour    |     7 |    20 |    20 ||    47
  Dodge: Dodged            |    17 |    64 |    67 ||   148
